 Dungeon Crawl Stone Soup version 0.30-a0-845-g7c6808c (webtiles) character file.

Game seed: 4854258534108006041

25160 Illumine the Carver (level 12, -3/105 HPs)
             Began as a Demigod Earth Elementalist on Mar 2, 2023.
             Killed from afar by a rime drake (22 damage)
             ... with an icy flash freeze
             ... on level 2 of the Lair of Beasts.
             The game lasted 00:28:45 (16317 turns).

Illumine the Carver (Demigod Earth Elementalist)   Turns: 16317, Time: 00:28:45

Health: -3/105     AC: 10    Str:  9    XL:     12   Next: 51%
Magic:  20/20      EV: 19    Int: 29    God:
Gold:   1041       SH:  0    Dex: 26    Spells: 11/17 levels left

rFire   . . .      SeeInvis .    a - +7 Throatcutter {drain, coup de grace}
rCold   . . .      Faith    .    (no shield)
rNeg    . . .      Spirit   .    C - +2 leather armour {rPois}
rPois   +          Reflect  .    (no helmet)
rElec   .          Rampage  .    q - +2 cloak
rCorr   .                        (no gloves)
Will    +....                    (no boots)
Stlth   +++                      (no amulet)
HPRegen 0.37/turn                p - +6 ring of dexterity
MPRegen 0.17/turn                G - ring of poison resistance

@: no status effects
A: high MP 1, forlorn, divine attributes, iridescent scales 1, thin skeletal
structure 1
a: no special abilities


You were on level 2 of the Lair of Beasts.
You visited 2 branches of the dungeon, and saw 14 of its levels.
You also visited: Ice Cave.

You collected 1041 gold pieces.

Inventory:

Hand Weapons
 a - the +7 Throatcutter (weapon) {drain, coup de grace}
   (You found it on level 3 of the Dungeon)
 b - a +1 sling of draining
 c - a +0 quarterstaff
 g - a +1 vampiric hand axe
 I - the +7 mace "Ypupef" {freeze, rPois rCorr SInv}
   (You found it on level 9 of the Dungeon)

   rPois:     It protects you from poison.
   SInv:      It lets you see invisible.
   rCorr:     It protects you from acid and corrosion.
Missiles
 n - 24 poisoned darts
 N - a throwing net
Armour
 i - the +3 hat of Pondering {ponderous, Will+ MP+10 Int+5}
   (You took it off Gastronok on level 8 of the Dungeon)

   Int:       It affects your intelligence (+5).
   MP:        It affects your magic capacity (+10).
   Will:      It increases your willpower.
 q - a +2 cloak (worn)
 y - the +1 robe of the Beloved God {Str+3}
   (You found it on level 3 of the Dungeon)

   Str:       It affects your strength (+3).
 C - a +2 leather armour of poison resistance (worn)
Magical Staves
 F - a staff of cold
Jewellery
 o - a ring of wizardry
 p - a +6 ring of dexterity (left hand)
 B - a ring of protection from cold
 G - a ring of poison resistance (right hand)
 L - a ring of positive energy
 O - an amulet of guardian spirit
 R - a ring of see invisible
 S - a ring of wizardry
Wands
 l - a wand of roots (16)
 w - a wand of acid (3)
 Q - a wand of polymorph (5)
Scrolls
 f - 4 scrolls of magic mapping
 h - 3 scrolls of teleportation
 k - 2 scrolls of silence
 m - 2 scrolls of blinking
 r - 3 scrolls of enchant weapon
 t - 4 scrolls of amnesia
 u - 2 scrolls of immolation
 x - 2 scrolls of enchant armour
 A - 4 scrolls of fear
 E - 3 scrolls of fog {unknown}
 H - 3 scrolls of poison {unknown}
 T - a scroll of torment {unknown}
Potions
 d - a potion of might {unknown}
 e - 2 potions of resistance
 j - 7 potions of curing
 s - a potion of magic
 v - 3 potions of mutation
 z - a potion of haste
 D - 3 potions of flight {unknown}
 J - a potion of attraction {unknown}
 K - 2 potions of cancellation {unknown}
 M - a potion of brilliance
Miscellaneous
 P - a box of beasts


   Skills:
 + Level 9.5 Fighting
 - Level 11.0 Long Blades
 - Level 4.0 Armour
 + Level 8.8 Dodging
 - Level 1.7 Stealth
 - Level 3.1 Spellcasting
 - Level 6.0 Conjurations
 - Level 5.0 Translocations
 - Level 0.8 Transmutations
 - Level 6.6 Earth Magic


You had 11 spell levels left.
You knew the following spells:

 Your Spells              Type           Power      Damage    Failure   Level
a - Sandblast             Erth           86%        2d18      1%          1
b - Stone Arrow           Conj/Erth      82%        3d12      2%          3
c - Blink                 Tloc           66%        N/A       1%          2

Your spell library contained the following spells:

 Spells                   Type           Power      Damage    Failure   Level
 Apportation              Tloc           66%        N/A       1%          1
 Magic Dart               Conj           100%       1d8       1%          1
 Lesser Beckoning         Tloc           66%        N/A       1%          2
 Momentum Strike          Conj/Tloc      72%        3d10      1%          2
 Searing Ray              Conj           78%        2d7       1%          2
 Shock                    Conj/Air       84%        1d8       3%          1
 Passwall                 Tmut/Erth      21%        N/A       3%          2
 Necrotise                Necr           16%        1d4       11%         1
 Portal Projectile        Hex/Tloc       38%        N/A       11%         3
 Mephitic Cloud           Conj/Pois/Air  16%        N/A       14%         3
 Cigotuvi's Dreadful Rot  Necr/Pois/Air  8%         N/A       16%         2
 Poisonous Vapours        Pois/Air       8%         N/A       16%         2
 Petrify                  Tmut/Erth      26%        N/A       22%         4
 Leda's Liquefaction      Hex/Erth       11%        N/A       26%         4
 Call Canine Familiar     Summ           4%         N/A       30%         3
 Swiftness                Air            4%         N/A       30%         3
 Vampiric Draining        Necr           4%         2d6       30%         3
 Fulminant Prism          Conj/Hex       10%        3d8       30%         4
 Airstrike                Air            2%         2d(1-17)  71%         4
 Summon Ice Beast         Ice/Summ       4%         N/A       71%         4
 Alistair's Intoxication  Tmut/Pois      4%         N/A       94%         5
 Agony                    Necr           4%         N/A       96%         5
 Summon Mana Viper        Hex/Summ       4%         N/A       96%         5
 Conjure Ball Lightning   Conj/Air       10%        3x3d6     99%         6
 Monstrous Menagerie      Summ           2%         N/A       100%        7
 Discord                  Hex            2%         N/A       100%        8
 Disjunction              Tloc           16%        N/A       100%        8


Dungeon Overview and Level Annotations

Branches:
Dungeon (11/15)            Temple (0/1) D:4            Lair (3/5) D:10
  Swamp (0/4) Lair:2        IceCv (visited)
  Snake: Lair:2-3    Spider: Lair:2-3       Orc: D:9-12

Shops:
D:4 :

Annotations:
D:1 1 runed translucent door
D:6 1 runed translucent door, Dega's ghost, novice SpHu
D:10 Snorg
Lair:1 2 transporters, Caterwaul's ghost, journeyman HuMo


Innate Abilities, Weirdness & Mutations

You have an increased reservoir of magic. (+10% MP)
You shall have no god before yourself.
Your divine heritage dramatically boosts your attributes as you level up.
You are partially covered in iridescent scales. (AC +2)
You have a somewhat thin skeletal structure. (Dex +2, Stealth+)


Message History

The bolt of acid hits the rime drake!
The rime drake is moderately wounded.
The bolt of acid hits the steam dragon!
The steam dragon is moderately wounded.
The four-headed hydra bites you!
The four-headed hydra completely misses you.
The four-headed hydra bites you.
* * * LOW HITPOINT WARNING * * *
The four-headed hydra bites you.
* * * LOW HITPOINT WARNING * * *
The rime drake barely misses you.
Aiming: Corrosive Bolt
Press: ? - help, Shift-Dir - straight line, f/p - steam dragon
Aim: a steam dragon (water, moderately wounded, 71% to hit)
The bolt of acid hits the four-headed hydra.
The four-headed hydra is almost dead.
The bolt of acid hits the steam dragon!
The steam dragon is heavily wounded.
The four-headed hydra barely misses you.
The four-headed hydra misses you.
The four-headed hydra bites you but does no damage.
The four-headed hydra bites you!
* * * LOW HITPOINT WARNING * * *
The rime drake bites you but does no damage.
Aiming: Corrosive Bolt
Press: ? - help, Shift-Dir - straight line, f/p - steam dragon
Aim: a steam dragon (water, heavily wounded, 71% to hit)
The bolt of acid hits the four-headed hydra!
The four-headed hydra seems to be corroded for longer.
You kill the four-headed hydra!
The bolt of acid hits the steam dragon.
The steam dragon is severely wounded.
The rime drake barely misses you.
You slash the steam dragon!
You kill the steam dragon!
You hear a splash.
The steam dragon scales are intact enough to wear.
The rime drake breathes ice at you. The icy flash freeze hits you!!
You die...

..# #...####.###..# # ..#
##....P#.##...# ..###
##.........##..### # ..#P#
#...P##.#####..#.# #
..P.####..##### #~.~~.#### #
...P#.##..P...###.≈~≈~...#######
..........P.....[~~≈~≈~~.....#.##
.................k≈≈≈≈~...#......
..#.###P........@[≈≈≈≈.>..#####..
.#### ##....#..#.~≈≈≈~≈.D..# ###
...## #.#######.~≈≈≈≈~....### #
#...# #..# #..~≈≈≈~≈.....# #
#P..# #..# #...≈≈≈~......# #
#..## #..# ###..~~~......####
#.(.# #.## ###.........#.## ##.##
#..# #####......... #.# #.##
##.#÷.####


You could see a rime drake (catching breath).

Vanquished Creatures
  Gastronok (D:8)
  A hydra (Lair:2)
  A death yak (D:11)
  A two-headed ogre (D:11)
  A skyshark (Lair:2)
  A deep elf pyromancer (D:11)
  2 manticores (D:10)
  A cyclops (D:11)
  A black mamba (Lair:1)
  Maggie (D:7)
  7 cane toads
  6 komodo dragons (Lair:1)
  Psyche (D:8)
  A troll (D:11)
  6 polar bears
  Prince Ribbit (D:7)
  3 blink frogs (Lair:2)
  2 dream sheep (Lair:3)
  31 yaks
  A wyvern (D:9)
  2 wraiths
  Eustachio (D:5)
  2 basilisks
  2 fire bats (D:10)
  A shadow (D:11)
  5 steam dragons
  4 vampire mosquitoes
  3 acid dragons
  6 water moccasins
  5 orc warriors
  4 ice beasts
  A sky beast (D:8)
  8 black bears
  5 centaurs
  An ogre (D:6)
  3 wolves
  A phantom (D:7)
  2 kobold brigands
  10 bullfrogs
  A gnoll sergeant (D:7)
  5 scorpions
  4 wights (D:9)
  6 killer bees
  3 howler monkeys
  A jelly (D:6)
  6 hounds
  Crazy Yiuf (D:2)
  3 gnoll boudas
  8 orc priests
  Jessica (D:2)
  14 orc wizards
  Terence (D:3)
  3 sleepcaps
  Natasha (thrice) (D:3)
  6 iguanas
  16 gnolls
  8 adders
  3 white imps
  An ufetubus (D:5)
  2 worms
  2 dart slugs (D:1)
  46 orcs
  10 ball pythons
  7 bats
  8 endoplasms
  4 giant cockroaches
  7 goblins
  6 hobgoblins
  4 jackals
  17 kobolds
  A quokka (D:2)
  2 frilled lizards (D:1)
  8 rats
  3 butterflies (Lair:2)
357 creatures vanquished.

Vanquished Creatures (others)
  2 dream sheep (Lair:3)
  A butterfly (Lair:2)
  55 fungi
  56 plants
114 creatures vanquished.

Grand Total: 471 creatures vanquished

Notes
Turn   | Place    | Note
-------+----------+-------------------------------------------
     0 | D:1      | Illumine the Demigod Earth Elementalist began the quest for
                  | the Orb.
     0 | D:1      | Reached XP level 1. HP: 14/14 MP: 5/5
     1 | D:1      | Found a runed translucent door.
   387 | D:1      | Reached XP level 2. HP: 20/20 MP: 5/7
  1059 | D:2      | Reached XP level 3. HP: 24/26 MP: 3/9
  1064 | D:2      | Learned a level 3 spell: Stone Arrow
  1266 | D:2      | Learned a level 2 spell: Blink
  1472 | D:2      | Noticed Jessica
  1476 | D:2      | Killed Jessica
  1477 | D:2      | Reached skill level 1 in Conjurations
  1477 | D:2      | Reached XP level 4. HP: 22/33 MP: 6/11
  2000 | D:2      | Found a runed translucent door.
  2001 | D:2      | Noticed Crazy Yiuf
  2008 | D:2      | Killed Crazy Yiuf
  2249 | D:3      | Found the +7 Throatcutter {drain, coup de grace}
  2258 | D:3      | Noticed Natasha
  2260 | D:3      | Reached XP level 5. HP: 33/38 MP: 7/12
  2265 | D:3      | Killed Natasha
  2478 | D:3      | Noticed Natasha
  2483 | D:3      | Killed Natasha
  2562 | D:3      | Noticed Terence
  2566 | D:3      | Killed Terence
  2567 | D:3      | Reached skill level 1 in Long Blades
  2833 | D:3      | Reached XP level 6. HP: 45/45 MP: 10/13
  2856 | D:3      | Noticed Natasha
  2861 | D:3      | Killed Natasha
  2862 | D:3      | Reached skill level 2 in Long Blades
  2917 | D:3      | Identified the +1 robe of the Beloved God {Str+3}
  3213 | D:4      | Found Ezxymel's Vocational Training.
  3439 | D:4      | Found a staircase to the Ecumenical Temple.
  3962 | D:4      | Reached skill level 3 in Long Blades
  3965 | D:4      | Gained mutation: You have a somewhat thin skeletal
                  | structure. (Dex +2, Stealth+) [potion of mutation]
  3965 | D:4      | Gained mutation: You are partially covered in iridescent
                  | scales. (AC +2) [potion of mutation]
  3965 | D:4      | HP: 2/67 [poisoned by a scorpion]
  4248 | D:5      | Entered Level 5 of the Dungeon
  4312 | D:5      | Reached XP level 7. HP: 50/50 MP: 9/14
  4607 | D:5      | Reached skill level 5 in Earth Magic
  4622 | D:5      | Noticed Eustachio
  4631 | D:5      | Killed Eustachio
  4632 | D:5      | Reached skill level 4 in Long Blades
  4761 | D:5      | Reached skill level 1 in Fighting
  5266 | D:6      | Reached skill level 5 in Long Blades
  5266 | D:6      | Reached XP level 8. HP: 40/61 MP: 16/16
  5743 | D:6      | Reached skill level 1 in Translocations
  5871 | D:6      | Found a runed translucent door.
  5874 | D:6      | Noticed Dega's ghost (novice SpHu)
  6060 | D:6      | Reached skill level 6 in Long Blades
  6813 | D:7      | Reached XP level 9. HP: 67/70 MP: 2/17
  6982 | D:7      | Noticed Maggie
  6998 | D:7      | Reached skill level 1 in Armour
  7189 | D:8      | Noticed Gastronok
  7212 | D:8      | Killed Gastronok
  7213 | D:8      | Reached skill level 7 in Long Blades
  7510 | D:8      | Reached skill level 8 in Long Blades
  7511 | D:8      | Noticed Psyche
  7516 | D:8      | Killed Psyche
  7649 | D:8      | Reached skill level 5 in Fighting
  7649 | D:8      | Reached XP level 10. HP: 47/81 MP: 6/18
  8808 | D:9      | Reached skill level 9 in Long Blades
  9336 | D:9      | Reached skill level 5 in Translocations
  9401 | D:9      | Identified the +7 mace "Ypupef" {freeze, rPois rCorr SInv}
 10184 | D:10     | Entered Level 10 of the Dungeon
 10198 | D:10     | Noticed Snorg
 10503 | D:7      | Noticed Prince Ribbit
 10510 | D:7      | Killed Prince Ribbit
 10522 | D:7      | Killed Maggie
 10755 | D:10     | Noticed a manticore
 10771 | D:10     | Killed a manticore
 10854 | D:10     | Noticed a manticore
 10859 | D:10     | Killed a manticore
 11087 | D:10     | Reached skill level 5 in Dodging
 11181 | D:10     | Reached XP level 11. HP: 89/89 MP: 12/19
 11228 | D:10     | Found a staircase to the Lair.
 11243 | D:10     | Reached skill level 10 in Long Blades
 11907 | D:11     | Reached skill level 5 in Conjurations
 12000 | D:11     | Found a frozen archway.
 12005 | IceCv    | Entered an ice cave
 12109 | IceCv    | Noticed a death yak
 12112 | IceCv    | Noticed a death yak
 12121 | D:11     | Killed a death yak
 12383 | D:11     | Noticed a two-headed ogre
 12387 | D:11     | Killed a two-headed ogre
 12516 | D:11     | Noticed a deep elf pyromancer
 12536 | D:11     | Killed a deep elf pyromancer
 12772 | Lair:1   | Entered Level 1 of the Lair of Beasts
 12801 | Lair:1   | Reached skill level 11 in Long Blades
 13507 | Lair:1   | Found a transporter.
 13544 | Lair:1   | Noticed a death yak
 13565 | Lair:1   | Noticed Caterwaul's ghost (journeyman HuMo)
 13747 | Lair:1   | Noticed an eight-headed hydra
 14029 | Lair:1   | Found a transporter.
 14159 | Lair:1   | Reached XP level 12. HP: 97/101 MP: 12/20
 14764 | Lair:2   | Found a staircase to the Swamp.
 16293 | Lair:3   | Noticed a four-headed hydra
 16316 | Lair:2   | Killed a four-headed hydra
 16317 | Lair:2   | Killed from afar by a rime drake

Illustrated notes

Levels and vault maps discovered:
D:1:      dpeg_arrival_caged_fury, layout_loops_ring, basic_ecumenical_altar
D:2:      layout_loops_corners, minmay_tall_x, uniq_jessica,
          uniq_crazy_yiuf_cottage
D:3:      layout_rooms, nrook_loot_triangle, kennysheep_generic_room_8,
          uniq_terence, uniq_natasha
D:4:      layout_basic, minmay_temple_entry_stoned_glass, minivault_4,
          nicolae_shop_vocational
D:5:      layout_gridville, uniq_eustachio
D:6:      layout_loops_ring, amcnicky_altar_gilded, fedhas_altar_3,
          ebering_ghost_sewer_d
D:7:      layout_basic, kennysheep_generic_room_12, uniq_prince_ribbit1,
          uniq_maggie
D:8:      layout_loops_ring, corexii_leaking_fountain, uniq_gastronok,
          uniq_psyche
D:9:      layout_cave_pods
D:10:     due_megacathedral, layout_long_grid, due_lair_maze_entry_diamond,
          hiddenorc1_lemuel, uniq_snorg
D:11:     layout_gridville, portal_ice_cave_entry_pillars_2,
          minmay_fractal_squares_gapless_5
Lair:1:   layout_roguey, nzn_ghost_randoct
Lair:2:   layout_loops_ring, minmay_swamp_entry_swarm, beast_lair_carwin_4,
          lemuel_fruit_fields, lemuel_fruit_tree, infiniplex_staircase_pool,
          lemuel_fruit_fields
Lair:3:   layout_roguey, nicolae_snake_entry_warm_welcome, serial_bayou_ford_a,
          bobbens_dragon_lair_wall

Skill      XL: |  1  2  3  4  5  6  7  8  9 10 11 12 |
---------------+-------------------------------------+-----
Spellcasting   | 2 3 |  3.1
Earth Magic    | 3 4 5 6 |  6.6
Conjurations   | 1 2 3 4 6 |  6.0
Long Blades    | 1 3 5 6 8 9 11 | 11.0
Dodging        | 2 4 5 6 8 |  8.8
Fighting       | 1 3 5 6 7 9 |  9.5
Translocations | 2 4 5 |  5.0
Armour         | 3 4 |  4.0
Stealth        | |  1.7
Transmutations | |  0.8

Action                     |  1- 3 |  4- 6 |  7- 9 | 10-12 || total
---------------------------+-------+-------+-------+-------++-------
  Melee: Unarmed           |     1 |       |       |       ||     1
         Hand axe          |     2 |       |       |       ||     2
         Long sword        |       |    45 |    81 |   303 ||   429
         Punch             |       |       |     2 |     5 ||     7
   Cast: Sandblast         |    47 |    69 |    61 |     1 ||   178
         Stone Arrow       |       |     2 |    47 |   191 ||   240
  Evoke: Wand              |       |       |       |     8 ||     8
    Use: Scroll            |       |     6 |     4 |     8 ||    18
         Potion            |       |     5 |       |     2 ||     7
   Stab: Sleeping          |       |     1 |     1 |     5 ||     7
         Distracted        |       |       |       |     1 ||     1
 Armour: Robe              |     4 |    13 |    27 |       ||    44
         Leather armour    |       |       |     8 |    90 ||    98
  Dodge: Dodged            |    18 |    43 |    86 |   273 ||   420

Table legend: (Time is in decaauts)
 A = Elapsed time spent in this place.
 B = Non-inter-level travel time spent in this place.
 C = Inter-level travel time spent in this place.
 D = Time resting spent in this place.
 E = Time spent auto-exploring this place.
 F = Levels seen in this place.
 G = Mean time per level.
                   A        B        C        D        E       F      G
               +--------+--------+--------+--------+--------+-----+--------+
         Total |  16434 |  15788 |    646 |   3752 |   9452 |  15 | 1095.6 |
       Dungeon |  13062 |  12570 |    492 |   2843 |   7630 |  11 | 1187.5 |
          Lair |   3260 |   3106 |    154 |    853 |   1820 |   3 | 1086.7 |
      Ice Cave |    112 |    112 |      0 |     56 |      2 |   1 |  112.0 |
               +--------+--------+--------+--------+--------+-----+--------+

Top non-repeatable levels by time:
  Lair:2: 1675 daAuts
     D:8: 1662 daAuts
     D:9: 1582 daAuts
  Lair:1: 1486 daAuts
    D:10: 1444 daAuts
     D:6: 1362 daAuts
     D:2: 1334 daAuts
     D:4: 1197 daAuts
     D:5: 1149 daAuts
     D:1: 946 daAuts
     D:3: 848 daAuts
    D:11: 782 daAuts
     D:7: 749 daAuts
   IceCv: 112 daAuts
  Lair:3: 98 daAuts
